 Dungeon Crawl Stone Soup version 0.27-a0-1301-g128193abf8 (webtiles) character file.

Game seed: 672327921074178693

107 funkygono the Shield-Bearer (level 5, -10/42 HPs)
             Began as a Formicid Fighter on June 17, 2021.
             Mangled by Menkaure (20 damage)
             ... on level 4 of the Dungeon.
             The game lasted 00:04:48 (3082 turns).

funkygono the Shield-Bearer (Formicid Fighter)      Turns: 3082, Time: 00:04:49

Health: -10/42     AC:  7    Str: 22    XL:     5   Next: 10%
Magic:  5/5        EV:  8    Int:  7    God:
Gold:   84         SH: 10    Dex: 10    Spells: 4/4 levels left

rFire    . . .     SeeInvis +   a - +1 flail
rCold    . . .     Faith    .   c - +1 kite shield
rNeg     . . .     Spirit   .   b - +0 scale mail
rPois    .         Reflect  .   (helmet unavailable)
rElec    .         Harm     +   e - scarf {harm}
rCorr    .         Rampage  .   (no gloves)
Will     .....                  (no boots)
Stlth    ..........             (no amulet)
HPRegen  0.14/turn              (no ring)
MPRegen  0.09/turn              (no ring)

@: no status effects
A: permanent stasis, dig shafts and tunnels, antennae 3, four strong arms
a: Dig, Shaft Self


You were on level 4 of the Dungeon.
You visited 1 branch of the dungeon, and saw 4 of its levels.

You collected 84 gold pieces.

Inventory:

Hand Weapons
 a - a +1 flail (weapon)
 l - a +0 hunting sling
Missiles
 h - a throwing net
 q - 14 bolts
Armour
 b - a +0 scale mail (worn)
 c - a +1 kite shield (worn)
 e - a scarf of harm (worn)
Wands
 f - a wand of mindburst (15)
Scrolls
 n - 2 scrolls of amnesia
Potions
 d - 2 potions of might
 i - a potion of magic
 j - 5 potions of lignification
 k - a potion of attraction
 m - 2 potions of curing
 o - 2 potions of flight {unknown}
 p - a potion of heal wounds {unknown}


   Skills:
 + Level 3.8 Fighting
 + Level 3.2 Maces & Flails
 + Level 4.0 Armour
 + Level 0.4 Dodging
 + Level 4.4 Shields


You had 4 spell levels left.
You didn't know any spells.
Your spell library was empty.

Dungeon Overview and Level Annotations

Branches:
Dungeon (4/15)
 Temple: D:4-7

Altars:
Dithmenos
Trog

Annotations:
D:4 Menkaure, Natasha, Pikel


Innate Abilities, Weirdness & Mutations

You cannot be hasted, slowed, berserked, paralysed or teleported.
You can dig through walls and to a lower floor.
You have a pair of large antennae on your head. (SInv)
Your four strong arms can wield two-handed weapons with a shield.


Message History

Pikel zaps a wand.
You resist with some effort.
Menkaure calls on the powers of darkness!
Your body is wracked with pain!
Menkaure calls on the powers of darkness!
Your body is wracked with pain!
* * * LOW HITPOINT WARNING * * *
Pikel convulses!
There is a stone staircase leading up here.
You climb upwards.
There is a stone staircase leading down here.
You start resting.
HP restored.
There is a stone staircase leading down here.
You climb downwards.
Level annotation: Menkaure, Natasha, Pikel
There is a stone staircase leading up here.
You sense a monster nearby.
A giant cockroach comes into view.
Found a stone staircase leading down.
Found a scroll labelled IPURRE ZIROGA.
You hit the giant cockroach but do no damage.
You block the giant cockroach's attack. x2
You hit the giant cockroach.
You kill the giant cockroach!
A lemure comes into view.
Menkaure shouts!
The lemure shouts!
You hear a shout!
Found a blackened ruby ring.
Menkaure calls on the powers of darkness!
Your body is wracked with pain!
Ouch! That really hurt!
Menkaure calls on the powers of darkness!
Your body is wracked with pain!
* * * LOW HITPOINT WARNING * * *
You hit Menkaure.
Menkaure is lightly damaged.
Menkaure hits you but does no damage.
You hit Menkaure but do no damage.
Menkaure is lightly damaged.
Menkaure hits you!
You die...

#### #...#.# ..#
#...#.# #.# ##.##<#
#######.## #..#.#
...<....M## ##.#.#
####..##.5######.#.#
##.....{....##.#.#
#...K....)..##.#.#
#...#..###..##@#.#
#.###.5# #=.##M#.##
#.. #...##5...5...#
....
#._....M##.....#
.... ....##.
.......# ..# ...####
.....>..# #...
.......#.#
......#...#
........##.?


You could see a lemure and Menkaure.

Vanquished Creatures
  2 gnolls (D:3)
  2 adders
  A worm (D:2)
  3 orcs
  4 ball pythons
  4 endoplasms
  8 giant cockroaches
  7 goblins
  5 hobgoblins
  6 quokkas
  4 bats
  2 frilled lizards
  4 kobolds
  7 rats
59 creatures vanquished.

Notes
Turn   | Place    | Note
-------+----------+-------------------------------------------
     0 | D:1      | funkygono the Formicid Fighter began the quest for the Orb.
     0 | D:1      | Reached XP level 1. HP: 18/18 MP: 1/1
    88 | D:1      | Reached XP level 2. HP: 20/24 MP: 2/2
   288 | D:1      | Found a faded altar of an unknown god.
   702 | D:1      | Reached XP level 3. HP: 29/29 MP: 3/3
  1263 | D:2      | Reached XP level 4. HP: 36/36 MP: 4/4
  1944 | D:3      | Found a shadowy altar of Dithmenos.
  2407 | D:4      | Noticed Natasha
  2425 | D:3      | Reached XP level 5. HP: 10/42 MP: 5/5
  2761 | D:4      | Found a bloodstained altar of Trog.
  2769 | D:4      | Noticed a lemure
  2769 | D:4      | Noticed Menkaure
  2773 | D:4      | Noticed Pikel
  2775 | D:4      | Noticed a lemure
  3073 | D:4      | Noticed a lemure
  3082 | D:4      | Mangled by Menkaure

Illustrated notes

Levels and vault maps discovered:
D:1:      elethiomel_arrival_quiet, layout_loops_ring,
          shapermc_ecumenical_altar_mp_highgroup
D:2:      layout_basic, grunt_ministairs_1, minmay_vboxes
D:3:      minmay_evil_eye, layout_rooms, nicolae_dithmenos_shadow_blocks
D:4:      layout_loops_ring, nicolae_ashenzari_skybound,
          trog_three_pillars_becter, kennysheep_another_room,
          uniq_crazy_yiuf_cottage, uniq_eustachio, uniq_menkaure, uniq_pikel,
          uniq_natasha

Skill      XL: |  1  2  3  4 |
---------------+-------------+-----
Shields        | 4 |  4.4
Maces & Flails | 3 |  3.2
Armour         | 4 |  4.0
Fighting       | |  3.8
Dodging        | |  0.4

Action                   |  1- 3 |  4- 6 || total
-------------------------+-------+-------++-------
Melee: Flail             |   111 |    69 ||   180
  Use: Scroll            |     7 |     6 ||    13
Armor: Scale mail        |    57 |    17 ||    74
Dodge: Dodged            |    32 |    21 ||    53
Block: Kite shield       |    59 |    42 ||   101

Table legend: (Time is in decaauts)
 A = Elapsed time spent in this place.
 B = Non-inter-level travel time spent in this place.
 C = Inter-level travel time spent in this place.
 D = Time resting spent in this place.
 E = Time spent auto-exploring this place.
 F = Levels seen in this place.
 G = Mean time per level.
                   A        B        C        D        E       F      G
               +--------+--------+--------+--------+--------+-----+--------+
         Total |   3161 |   3049 |    112 |    595 |   1813 |   4 |  790.2 |
       Dungeon |   3161 |   3049 |    112 |    595 |   1813 |   4 |  790.2 |
               +--------+--------+--------+--------+--------+-----+--------+

Top non-repeatable levels by time:
     D:3: 1207 daAuts
     D:2: 1035 daAuts
     D:1: 857 daAuts
     D:4: 61 daAuts
